 Dungeon Crawl Stone Soup version 0.28.0-53-g5a82cb258f (webtiles) character file.

Game seed: 3485260872866520975

956 gobodom the Stinger (level 7, -2/48 HPs)
             Began as a Demonspawn Venom Mage on June 8, 2022.
             Was a Follower of Sif Muna.
             Slain by a gnoll sergeant
             ... wielding a +0 trident
              (10 damage)
             ... on level 5 of the Dungeon.
             The game lasted 00:44:37 (6883 turns).

gobodom the Stinger (Demonspawn Venom Mage)         Turns: 6883, Time: 00:44:38

Health: -2/48      AC:  4    Str:  9    XL:     7   Next: 91%
Magic:  4/14       EV: 12    Int: 18    God:    Sif Muna [*.....]
Gold:   232        SH:  0    Dex: 13    Spells: 7/15 levels left

rFire   . . .      SeeInvis .   c - +1 dagger (drain)
rCold   . . .      Faith    .   (no shield)
rNeg    . . .      Spirit   .   a - +0 robe
rPois   +          Reflect  .   (helmet restricted)
rElec   .          Harm     .   l - +1 cloak
rCorr   .          Rampage  .   (no gloves)
Will    .....                   (no boots)
Stlth   ++........              (no amulet)
HPRegen 0.16/turn               h - ring of poison resistance
MPRegen 0.28/turn               s - +4 ring of slaying

@: no status effects
A: horns 1, powered by pain 1, magic regeneration, sturdy frame 1
a: Renounce Religion, Channel Magic


You were on level 5 of the Dungeon.
You worshipped Sif Muna.
Sif Muna was aware of your devotion.
You visited 2 branches of the dungeon, and saw 6 of its levels.

You collected 297 gold pieces.
You spent 65 gold pieces at shops.

Inventory:

Hand Weapons
 c - a +1 dagger of draining (weapon)
Missiles
 e - 3 boomerangs (quivered)
Armour
 a - a +0 robe (worn)
 l - a +1 cloak (worn)
Jewellery
 h - a ring of poison resistance (left hand)
 r - a ring of fire
 s - a +4 ring of slaying (right hand)
Wands
 d - a wand of acid (3)
 f - a wand of iceblast (13)
 m - a wand of polymorph (4)
 u - a wand of flame (14)
Scrolls
 b - a scroll of fear
 g - a scroll of torment {unknown}
 p - a scroll of enchant weapon {unknown}
 q - a scroll of teleportation
Potions
 i - a potion of might
 j - 2 potions of flight
 k - a potion of ambrosia
 n - 4 potions of haste
 o - a potion of berserk rage
 t - a potion of curing
 v - a potion of heal wounds


   Skills:
 + Level 1.4 Fighting
 + Level 2.2 Short Blades
 + Level 1.0 Throwing
 + Level 2.9 Dodging
 + Level 2.4 Stealth
 + Level 0.1 Unarmed Combat
 + Level 4.6 Spellcasting
 + Level 1.6 Transmutations
 + Level 1.2 Ice Magic
 + Level 2.4 Air Magic
 + Level 5.3 Poison Magic
 + Level 0.3 Evocations


You had 7 spell levels left.
You knew the following spells:

 Your Spells              Type           Power      Damage    Failure   Level
a - Sting                 Tmut/Pois      64%        1d6       3%          1
b - Poisonous Vapours     Pois/Air       36%        N/A       4%          2
c - Freeze                Ice            32%        1d5       9%          1
d - Olgreb's Toxic Radia  Pois           23%        N/A       16%         4

Your spell library contained the following spells:

 Spells                   Type           Power      Damage    Failure   Level
 Pain                     Necr           16%        1d4       14%         1
 Mephitic Cloud           Conj/Pois/Air  13%        N/A       14%         3
 Ensorcelled Hibernation  Hex/Ice        12%        N/A       16%         2
 Tukima's Dance           Hex            4%         N/A       38%         3
 Anguish                  Hex/Necr       2%         N/A       80%         4
 Agony                    Necr           4%         N/A       98%         5
 Excruciating Wounds      Necr           2%         N/A       98%         5
 Simulacrum               Ice/Necr       3%         N/A       100%        6
 Enfeeble                 Hex            2%         N/A       100%        7
 Ignition                 Fire           2%         3d3       100%        8


Dungeon Overview and Level Annotations

Branches:
Dungeon (5/15)             Temple (1/1) D:4

Altars:
Cheibriados
Elyvilon
Fedhas
Gozag
Hepliaklqana
Kikubaaqudgha
Nemelex Xobeh
Okawaru
Sif Muna
Trog
Uskayaw
Xom
Yredelemnul
The Shining One

Shops:
D:2 [   D:5 !


Innate Abilities, Weirdness & Mutations

You have a pair of small horns on your head.
You sometimes gain a little power by taking damage.
You regenerate magic rapidly.
Your movements are slightly less encumbered by armour. (ER -2)


Message History

Aim: a gnoll, wielding a +0 halberd (severely wounded, very poisoned) Poisonous vapours surround the gnoll!
The gnoll looks even sicker.
A gnoll sergeant comes into view. It is wielding a +0 trident.
Casting: Poisonous Vapours (safe; 4% risk of failure)
Confirm with . or Enter, or press ? or * to list all spells.
Okay, then.
Okay, then.
Casting: Poisonous Vapours (safe; 4% risk of failure)
Confirm with . or Enter, or press ? or * to list all spells.
Aiming: Sting (safe; 3% risk of failure)
Press: ? - help, Shift-Dir - straight line, f/p - gnoll
Aim: a gnoll, wielding a +0 halberd (severely wounded, very poisoned, 77% to hit)
The sting hits the gnoll but does no damage.
The gnoll looks as sick as possible!
The gnoll is severely wounded.
The gnoll misses you.
You kill the gnoll!
Sif Muna accepts your kill.
Items here: )) ††.
The gnoll sergeant hits you from afar with a +0 trident!
You see here a +0 halberd.
The gnoll sergeant hits you with a +0 trident!
The gnoll closely misses you.
You barely miss the gnoll sergeant. The gnoll sergeant barely misses you.
You hit the gnoll sergeant.
The gnoll sergeant is lightly wounded.
The gnoll hits you from afar with a +0 halberd.
The gnoll sergeant hits you with a +0 trident!
You hit the gnoll sergeant but do no damage.
You drain the gnoll sergeant.
The gnoll sergeant is moderately wounded.
The gnoll hits you from afar with a +0 halberd.
* * * LOW HITPOINT WARNING * * *
The gnoll sergeant hits you with a +0 trident.
* * * LOW HITPOINT WARNING * * *
The gnoll sergeant hits you from afar with a +0 trident.
* * * LOW HITPOINT WARNING * * *
You open the door.
The gnoll sergeant hits you from afar with a +0 trident!
You die...

..........##.#.....#..####.#
..........##+#..#..#.))....#
...................#.#g##..#
..............#.#.......# .#
..............#....#.#..# #
#'#)..........####g#.#..#
#'#...........'..g......#
)....###......##.#.#.#.##
.....# #......##@#.#.#.#
....## ###.........#.#.#
...## ##........#.#.# ####
#........#.# . #........#.#
## #........#.# ###
#.#####..# # #.#######.# ..#
#+#......##.#


You could see a gnoll sergeant (drained) and a gnoll.

Vanquished Creatures
  2 ogres (D:5)
  A black bear (D:5)
  2 necrophages
  The ghost of pkoi the Magician, an amateur DgWz (D:4)
  A scorpion (D:4)
  A howler monkey (D:2)
  2 hounds
  A bullfrog zombie (D:5)
  A centaur skeleton (D:4)
  2 howler monkey skeletons (D:4)
  3 gnolls (D:5)
  6 adders
  A shadow imp (D:5)
  A white imp (D:3)
  2 ufetubi (D:5)
  An adder zombie (D:5)
  3 worms
  4 dart slugs
  An adder simulacrum (D:3)
  4 orcs
  14 ball pythons
  5 endoplasms
  2 giant cockroaches (D:4)
  10 goblins
  3 hobgoblins
  3 quokkas
  2 ball python simulacra (D:3)
  4 bats
  5 frilled lizards
  A giant cockroach simulacrum (D:3)
  4 kobolds
  9 rats
102 creatures vanquished.

Vanquished Creatures (others)
  2 fungi (D:4)
2 creatures vanquished.

Grand Total: 104 creatures vanquished

Notes
Turn   | Place    | Note
-------+----------+-------------------------------------------
     0 | D:1      | gobodom the Demonspawn Venom Mage began the quest for the
                  | Orb.
     0 | D:1      | Reached XP level 1. HP: 13/13 MP: 3/3
   262 | D:1      | Gained mutation: You sometimes gain a little power by
                  | taking damage. [demonic ancestry]
   262 | D:1      | Reached XP level 2. HP: 19/19 MP: 0/5
   468 | D:1      | Found a faded altar of an unknown god.
  1130 | D:2      | Reached skill level 1 in Transmutations
  1132 | D:2      | Reached XP level 3. HP: 24/24 MP: 1/6
  1363 | D:2      | Found Hoc Ydah's Antique Armour Shop.
  1946 | D:2      | Reached skill level 4 in Poison Magic
  1946 | D:2      | Gained mutation: Your movements are slightly less
                  | encumbered by armour. (ER -2) [demonic ancestry]
  1946 | D:2      | Reached XP level 4. HP: 20/30 MP: 3/7
  2094 | D:3      | Learned a level 2 spell: Poisonous Vapours
  2147 | D:3      | Found a runed translucent gate.
  2147 | D:3      | Found a runed translucent gate.
  2147 | D:3      | Found a runed translucent gate.
  2180 | D:3      | Noticed pkoi's ghost (amateur DgWz)
  2588 | D:4      | Found a bloodstained altar of Trog.
  2653 | D:4      | Reached skill level 1 in Short Blades
  2653 | D:4      | Gained mutation: You have a pair of small horns on your
                  | head. [demonic ancestry]
  2653 | D:4      | Reached XP level 5. HP: 22/36 MP: 1/9
  2789 | D:4      | Found a staircase to the Ecumenical Temple.
  2828 | D:4      | Got Paetes's Catalogue of Blistering Ice
  2842 | Temple   | Entered the Ecumenical Temple
  2946 | Temple   | Became a worshipper of Sif Muna the Loreminder
  3655 | D:4      | Found a hazy altar of Hepliaklqana.
  3657 | D:4      | Found a shimmering altar of Xom.
  3658 | D:4      | Noticed a spectral ugly thing
  3773 | D:4      | Noticed a necrophage
  4178 | D:4      | Learned a level 1 spell: Freeze
  4194 | D:3      | Reached XP level 6. HP: 33/40 MP: 7/10
  4289 | D:4      | Killed pkoi's ghost
  4290 | D:4      | Reached skill level 1 in Air Magic
  4573 | D:3      | Reached skill level 1 in Fighting
  5239 | D:3      | Reached * piety under Sif Muna
  5978 | D:5      | Entered Level 5 of the Dungeon
  5987 | D:5      | Reached skill level 1 in Throwing
  5987 | D:5      | Gained mutation: You regenerate magic rapidly. [demonic
                  | ancestry]
  5987 | D:5      | Reached XP level 7. HP: 47/48 MP: 11/13
  6009 | D:5      | Reached skill level 5 in Poison Magic
  6075 | D:5      | Learned a level 4 spell: Olgreb's Toxic Radiance
  6150 | D:5      | Reached skill level 1 in Ice Magic
  6397 | D:5      | Found Jideb's Distillery.
  6439 | D:5      | Bought a potion of heal wounds for 65 gold pieces
  6633 | D:5      | Found a snail-covered altar of Cheibriados.
  6883 | D:5      | Slain by a gnoll sergeant

Illustrated notes

Levels and vault maps discovered:
D:1:      dpeg_arrival_arbitrary_b, layout_basic,
          shapermc_ecumenical_altar_starsandcircs, serial_rivers,
          chequers_serial_rivers_room_a, chequers_serial_rivers_micro_a,
          chequers_serial_rivers_room_b, chequers_serial_rivers_micro_c,
          corexii_item_surrounded_by_moat
D:2:      minmay_angry_zag, layout_loops_corners, serial_shops, shop
D:3:      layout_rooms, nicolae_tso_swordbearing_angel, gammafunk_ghost_icy
D:4:      layout_loops_ring, regret_index_temple_of_mockery,
          mainiacjoe_overflow_tiny_flanked, minmay_temple_entry_offerings,
          serial_aquarium, aquarium_bridge_straight [aquarium_subvault_bridge,
          aquarium_subvault_wall, aquarium_subvault_bridge,
          aquarium_subvault_window], aquarium_window_fake,
          aquarium_window_corner, aquarium_window_2, aquarium_view_2b,
          aquarium_pool_2
D:5:      layout_basic, makhleb_grotto_becter, slow_altar_1, serial_shops,
          nicolae_shop_competitors_out_of_business
Temple:   nicolae_temple_figure_zero

Skill      XL: |  1  2  3  4  5  6  7 |
---------------+----------------------+-----
Transmutations | 1 |  1.6
Stealth        | 2 |  2.4
Poison Magic   | 4 5 |  5.3
Dodging        | 2 |  2.9
Short Blades   | 1 2 |  2.2
Spellcasting   | 3 4 |  4.6
Air Magic      | 1 2 |  2.4
Fighting       | 1 |  1.4
Throwing       | 1 |  1.0
Ice Magic      | 1 |  1.2
Unarmed Combat | |  0.1
Evocations     | |  0.3

Action                   |  1- 3 |  4- 6 |  7- 9 || total
-------------------------+-------+-------+-------++-------
Melee: Unarmed           |    11 |       |       ||    11
       Dagger            |    35 |   152 |    47 ||   234
       Punch             |     1 |     2 |     2 ||     5
       Headbutt          |       |    29 |     8 ||    37
Throw: Boomerang         |    10 |    12 |       ||    22
 Cast: Sting             |    47 |       |     1 ||    48
       Poisonous Vapours |       |    48 |    30 ||    78
       Freeze            |       |    22 |    13 ||    35
       Olgreb's Toxic Ra |       |       |     1 ||     1
Evoke: Wand              |       |     7 |       ||     7
  Use: Scroll            |     4 |     5 |       ||     9
       Potion            |     2 |     5 |       ||     7
 Stab: Sleeping          |     1 |       |       ||     1
Armor: Robe              |     9 |    45 |    13 ||    67
Dodge: Dodged            |    45 |   101 |    34 ||   180
